 Dungeon Crawl Stone Soup version 0.23.2-40-g277498a001 (webtiles) character file.

Game seed: 8812923001564603031

118551 Kikorro the Severer (level 16, -1/149 HPs)
             Began as a Hill Orc Fighter on Sept 6, 2019.
             Was the Champion of Makhleb.
             Slain by a black mamba (shapeshifter) (10 damage)
             ... on level 15 of the Dungeon.
             The game lasted 02:08:14 (30909 turns).

Kikorro the Severer (Hill Orc Fighter)             Turns: 30909, Time: 02:08:15

Health: -1/149     AC: 26    Str: 32    XL:     16   Next: 77%
Magic:  4/26       EV: 13    Int: -2 (8) God:    Makhleb [******]
Gold:   2474       SH: 14    Dex:  8    Spells: 13/15 levels left

rFire    + + +     SeeInvis .   D - +11 trident of Vutuus {drain, rElec Str+2}
rCold    . . .     Gourm    +   m - +0 shield
rNeg     . . .     Faith    .   V - +4 chain mail {rF+}
rPois    +         Spirit   .   O - +2 hat
rElec    +         Reflect  .   U - +2 cloak {rF+}
rCorr    .         Harm     .   R - +1 pair of gloves of the Forest {rPois Str+4}
MR       +....     Rnd*Tele +   t - +0 pair of boots
Stlth    ..........             j - amulet of the gourmand
HPRegen  0.34/turn              F - +4 ring of evasion
MPRegen  0.20/turn              Z - ring of protection from fire

@: slowed, lost intelligence, studying 2 skills, very slow
A: clumsy 1, teleportitis 1, subdued magic 1
a: Minor Destruction, Lesser Servant of Makhleb, Major Destruction, Greater
Servant of Makhleb, Renounce Religion


You were on level 15 of the Dungeon.
You worshipped Makhleb.
Makhleb was exalted by your worship.
You were very full.

You visited 3 branches of the dungeon, and saw 23 of its levels.
You also visited: Bailey, Ice Cave and Volcano.

You collected 2914 gold pieces.
You spent 440 gold pieces at shops.

Inventory:

Hand Weapons
 D - the +11 trident of Vutuus (weapon) {drain, rElec Str+2}
   (You took it off an orc on level 7 of the Dungeon)

   A truly terrible weapon, it drains the life of those it strikes.
   It affects your strength (+2).
   It insulates you from electricity.
 L - the +11 flail of Disharmony {freeze, rPois MR- SInv}
   (You found it on level 10 of the Dungeon)

   It has been specially enchanted to freeze those struck by it, causing extra
   injury to most foes and up to half again as much damage against particularly
   susceptible opponents.
   It can also slow down cold-blooded creatures.
   It protects you from poison.
   It affects your resistance to hostile enchantments.
   It lets you see invisible.
 Y - the +8 trident of Giasm {drain, *Noise rN+++ MR+++ Str-3}
   (You took it off a spriggan rider on level 6 of the Lair of Beasts)

   A truly terrible weapon, it drains the life of those it strikes.
   It affects your strength (-3).
   It renders you almost immune to negative energy.
   It affects your resistance to hostile enchantments.
   It may make noises in combat.
Armour
 c - a +1 chain mail of cold resistance
 m - a +0 shield (worn)
 t - a +0 pair of boots (worn)
 O - a +2 hat (worn)
 R - the +1 pair of gloves of the Forest (worn) {rPois Str+4}
   (You found it in an ice cave)

   It affects your strength (+4).
   It protects you from poison.
 U - a +2 cloak of fire resistance (worn)
 V - a +4 chain mail of fire resistance (worn)
Jewellery
 a - the ring of Bovi {rC+ rN+ Str+3}
   (You found it on level 12 of the Dungeon)

   [ring of protection from cold]

   It affects your strength (+3).
   It protects you from cold.
   It protects you from negative energy.
 j - an amulet of the gourmand (around neck)
 u - a +1 ring of slaying
 F - a +4 ring of evasion (left hand)
 Z - a ring of protection from fire (right hand)
Wands
 q - a wand of polymorph (26)
 y - a wand of iceblast (33)
 G - a wand of digging (12)
 H - a wand of disintegration (19)
Scrolls
 b - 2 scrolls of blinking
 g - 7 scrolls of amnesia
 k - 5 scrolls of fear
 l - 5 scrolls of teleportation
 o - a scroll of silence
 r - 4 scrolls of magic mapping
 s - a scroll of identify
 v - 2 scrolls of brand weapon
 C - 4 scrolls of holy word
 E - 7 scrolls of enchant armour
 I - 3 scrolls of enchant weapon
 N - 7 scrolls of remove curse
 Q - a scroll of fog
 S - 6 scrolls of summoning
Potions
 d - 5 potions of might
 e - 2 potions of agility
 i - a potion of resistance
 p - 2 potions of experience {unknown}
 w - 4 potions of curing
 z - 5 potions of magic
 B - 3 potions of haste
 K - 2 potions of flight
 P - 3 potions of cancellation
 T - a potion of berserk rage
Books
 n - a manual of Throwing
 A - a manual of Charms
Comestibles
 f - 49 rations


   Skills:
 + Level 15.3 Fighting
   Level 15.9(17.6) Axes
 - Level 0.1(9.1) Maces & Flails
 - Level 11.3(14.0) Polearms
 + Level 12.8 Armour
 + Level 14.5 Shields
 * Level 7.5 Charms
 * Level 13.6 Invocations


You had 13 spell levels left.
You knew the following spells:

 Your Spells              Type           Power        Failure   Level  Hunger
a - Song of Slaying       Chrm           #.......     16%         2    ###....

Your spell library contained the following spells:

 Spells                   Type           Power        Failure   Level  Hunger
 Infusion                 Chrm           #...         10%         1    ##.....
 Shroud of Golubria       Chrm/Tloc      #.........   58%         2    ###....
 Swiftness                Chrm/Air       #.......     58%         2    ###....
 Ozocubu's Armour         Chrm/Ice       #.......     83%         3    ####...
 Regeneration             Chrm/Necr      #.........   83%         3    ####...
 Spectral Weapon          Hex/Chrm       #.......     83%         3    ####...
 Animate Skeleton         Necr           N/A          93%         1    ##.....
 Apportation              Tloc           #.....       93%         1    ##.....
 Confusing Touch          Hex            #.....       93%         1    ##.....
 Corona                   Hex            #......      93%         1    ##.....
 Freeze                   Ice            #...         93%         1    ##.....
 Magic Dart               Conj           #...         93%         1    ##.....
 Shock                    Conj/Air       #...         93%         1    ##.....
 Summon Small Mammal      Summ           #...         93%         1    ##.....
 Blink                    Tloc           N/A          98%         2    ###....
 Call Imp                 Summ           #.......     98%         2    ###....
 Ensorcelled Hibernation  Hex/Ice        #.....       98%         2    ###....
 Searing Ray              Conj           #.....       98%         2    ###....
 Slow                     Hex            #.......     98%         2    ###....
 Throw Frost              Conj/Ice       #.....       98%         2    ###....
 Confuse                  Hex            #.......     100%        3    ####...
 Conjure Flame            Conj/Fire      #.......     100%        3    ####...
 Dazzling Spray           Conj/Hex       #.....       100%        3    ####...
 Gell's Gravitas          Tloc           #.........   100%        3    ####...
 Mephitic Cloud           Conj/Pois/Air  #.......     100%        3    ####...
 Static Discharge         Conj/Air       #.......     100%        3    ####...
 Tukima's Dance           Hex            #.......     100%        3    ####...
 Airstrike                Air            #.........   100%        4    #####..
 Cause Fear               Hex            #.........   100%        4    #####..
 Force Lance              Conj/Tloc      #.......     100%        4    #####..
 Fulminant Prism          Conj/Hex       #.........   100%        4    #####..
 Iskenderun's Mystic Bla  Conj           #.......     100%        4    #####..
 Petrify                  Tmut/Erth      #.......     100%        4    #####..
 Summon Ice Beast         Ice/Summ       #.......     100%        4    #####..
 Throw Icicle             Conj/Ice       #.......     100%        4    #####..
 Lightning Bolt           Conj/Air       #.........   100%        5    ######.
 Metabolic Englaciation   Hex/Ice        #.........   100%        5    ######.
 Silence                  Hex/Air        #.........   100%        5    ######.
 Yara's Violent Unravell  Hex/Tmut       #.........   100%        5    ######.
 Deflect Missiles         Chrm/Air       #.........   100%        6    #######
 Discord                  Hex            #.........   100%        8    #######


Dungeon Overview and Level Annotations

Branches:
Dungeon (15/15)            Temple (0/1) D:7            Lair (6/6) D:11
 Shoals (0/4) Lair:3        Snake (0/4) Lair:3        Slime (0/5) Lair:5
    Orc (2/2) D:12            Elf (0/3) Orc:2        Vaults (0/5) D:14
 Depths (0/5) D:15

Altars:
Ashenzari
Dithmenos
Fedhas
Hepliaklqana
Makhleb
Okawaru
Qazlal
Ru
Sif Muna
Trog
Zin
The Shining One

Shops:
D:2 *   D:4 =   Orc:2 [*:(

Annotations:
D:4 1 runed translucent door
D:5 1 runed translucent door
D:6 2 transporters, ryuk03's ghost, novice HOFi
D:10 2 runed translucent doors, slayr's ghost, novice VSIE


Innate Abilities, Weirdness & Mutations

You are clumsy. (Dex -2)
You are occasionally teleported next to monsters.
Your spells are a little easier to cast, but a little less powerful.


Message History

Makhleb accepts your kill.
You feel your intelligence returning. The neqoxec gestures at you.
Something tries to feed on your intellect!
NeAGen181's ghost closely misses your Executioner.
You hear a grinding noise.
The crimson imp blinks!
Your Executioner hits NeAGen181's ghost!!
Your Executioner hits NeAGen181's ghost but does no damage. x3
Your Executioner hits NeAGen181's ghost!
NeAGen181's ghost is destroyed!
Makhleb accepts your kill. The cacodemon gestures at you.
The bolt of energy hits you.
* * * LOW HITPOINT WARNING * * *
The black mamba bites you but does no damage.
Your Executioner hits the cacodemon!!
Your Executioner hits the cacodemon but does no damage. x2
The black mamba bites you!
You die...

##.........####...........#......
...........+.....(.55.5..5.......
##......[..###.......55..55......
##.......## #....33#########..# #
##.....## #5##.# #.... # ##...##
#1#S## #.... # ##'## #.2# #....
### #.# ##S## #.... (.# #.# #.@#
#.(.. #.# ##.## ##.# ###.#
#.###...## #.# #.# #........# #.#
#.# ###.#...## #.# #..
##...#.#########.# ###
....###..........#
###.....########## #######


You could see a cacodemon, a black mamba, 2 neqoxecs, a water moccasin shaped
shifter, an iron imp, a crimson imp, an ufetubus and a friendly Executioner.

Vanquished Creatures
  Jorgrun (D:12)
  An orc warlord (Orc:2)
  2 very ugly things (D:15)
  2 entropy weavers (Lair:5)
  Azrael (D:12)
  A dire elephant (Lair:6)
  An ettin (Orc:1)
  The ghost of Getav the Cleaver, a journeyman TrBe of Trog (Lair:1)
  A yaktaur captain (D:15)
  Josephine (Lair:6)
  5 hydras
  8 vault guards (D:14)
  An anaconda (Lair:6)
  A catoblepas (D:13)
  6 centaur warriors
  4 two-headed ogres
  A tengu warrior (D:15)
  A queen ant (Lair:5)
  5 orc high priests
  A hell hog (Volcano)
  A fire crab (Volcano)
  5 skeletal warriors
  5 unseen horrors
  2 glowing orange brains (D:15)
  2 wizards (D:12)
  Pikel (D:6)
  3 orc knights
  A deep elf mage (D:15)
  2 necromancers
  22 ugly things
  4 orc sorcerers
  2 oklob plants (D:12)
  5 cyclopes
  2 manticores
  3 black mambas
  4 centaur zombies
  4 ice statues (IceCv)
  5 elephants (Lair:6)
  3 gargoyles
  14 spiny frogs
  4 freezing wraiths (D:14)
  2 rime drakes
  A yaktaur (D:15)
  5 komodo dragons
  A yaktaur (shapeshifter) (D:15)
  4 ice devils (IceCv)
  An efreet (D:14)
  A guardian mummy (D:13)
  A tengu conjurer (D:15)
  A queen bee (Lair:1)
  12 polar bears
  9 trolls
  A wolf spider simulacrum (D:15)
  3 hornets
  16 hippogriffs
  2 raiju (Lair:6)
  16 blink frogs
  Sigmund (D:5)
  3 shadows
  3 spriggans
  5 wraiths
  36 yaks
  3 wyverns
  A fire elemental (D:12)
  4 hogs (D:8)
  2 basilisks
  2 fire bats (Volcano)
  A hungry ghost (D:8)
  A human (D:8)
  6 vampire mosquitoes
  8 wargs
  An acid dragon (D:14)
  12 water moccasins
  12 soldier ants
  19 hell hounds
  4 porcupines
  The ghost of harness the Placeless Cat, an amateur FeWr of Uskayaw (D:5)
  An ice beast (D:13)
  A hornet zombie (D:11)
  2 slaves (D:6)
  40 orc warriors
  4 sky beasts
  12 black bears
  4 phantoms
  A boggart (Lair:6)
  18 ogres
  12 wolves (Lair:6)
  4 centaurs
  18 crocodiles
  A wyvern zombie (D:7)
  2 big kobolds (D:10)
  15 bullfrogs
  A gnoll sergeant (D:12)
  2 wyvern skeletons
  5 scorpions
  A water moccasin skeleton (D:5)
  A scorpion (shapeshifter) (D:15)
  16 killer bees
  5 wights (D:15)
  3 howler monkeys
  7 bullfrog zombies
  A quasit (D:11)
  5 crimson imps
  22 orc priests
  Crazy Yiuf (D:6)
  3 draconian simulacra (IceCv)
  2 bullfrog skeletons
  6 hounds
  9 jellies
  16 orc wizards
  4 centaur skeletons
  3 iguanas
  3 troll simulacra (IceCv)
  3 yak simulacra (D:11)
  28 worker ants
  3 polar bear simulacra (D:11)
  2 wolf simulacra (D:11)
  2 centaur simulacra
  A hound skeleton (D:11)
  A mummy (D:13)
  21 gnolls
  2 naga simulacra (IceCv)
  20 adders
  An ogre simulacrum (IceCv)
  3 river rats (D:5)
  5 shadow imps
  12 white imps (Lair:1)
  4 oozes
  2 worms
  4 dart slugs
  5 leopard geckos
  86 orcs
  4 bats
  7 giant cockroaches
  9 goblins
  16 hobgoblins
  13 jackals
  25 kobolds
  4 quokkas
  8 ball pythons
  7 frilled lizards
  A leopard gecko skeleton (D:7)
  A leopard gecko zombie (D:7)
  2 rats
  3 river rat simulacra (D:11)
896 creatures vanquished.

Vanquished Creatures (collateral kills)
  The ghost of NeAGen181 the Warrior, a journeyman HOFi of Beogh (D:15)
  The ghost of Oxiex the Grappler, a journeyman TrMo of Jiyva (Lair:5)
  A mana viper (shapeshifter) (D:15)
  A spiny frog (Lair:6)
  A wraith (Lair:6)
  A yak (Lair:6)
  A basilisk (Lair:6)
  A warg (Lair:6)
  2 soldier ants (Lair:5)
  A hell hound (Lair:6)
  A wolf (Lair:6)
  A crocodile (Lair:5)
  4 worker ants (Lair:5)
  An orc (Orc:2)
18 creatures vanquished.

Vanquished Creatures (others)
  A komodo dragon (D:15)
  22 fungi
  15 plants
38 creatures vanquished.

Grand Total: 952 creatures vanquished

Notes
Turn   | Place    | Note
-------+----------+-------------------------------------------
     0 | D:1      | Kikorro the Hill Orc Fighter began the quest for the Orb.
     0 | D:1      | Reached XP level 1. HP: 19/19 MP: 1/1
   222 | D:1      | Reached XP level 2. HP: 21/26 MP: 2/2
   776 | D:1      | Reached XP level 3. HP: 30/33 MP: 3/3
  1353 | D:2      | Found Zin's Purification Station.
  1374 | D:2      | Found a glowing silver altar of Zin.
  1425 | D:2      | Found a deep blue altar of Sif Muna.
  1615 | D:2      | Reached XP level 4. HP: 38/40 MP: 4/4
  1692 | D:2      | Found a shattered altar of Ashenzari.
  1900 | D:2      | Found a shadowy altar of Dithmenos.
  2068 | D:3      | Found a burning altar of Makhleb.
  2069 | D:3      | Found a hazy altar of Hepliaklqana.
  2072 | D:3      | Found a bloodstained altar of Trog.
  2124 | D:3      | Became a worshipper of Makhleb the Destroyer
  2248 | D:3      | Reached XP level 5. HP: 23/46 MP: 5/5
  2715 | D:4      | Reached skill level 5 in Axes
  2890 | D:4      | Noticed a hippogriff
  2900 | D:4      | Killed a hippogriff
  2900 | D:4      | Reached XP level 6. HP: 13/53 MP: 6/6
  3136 | D:4      | Found a glowing golden altar of the Shining One.
  3136 | D:4      | Noticed an angel
  3137 | D:4      | Found a runed translucent door.
  3148 | D:4      | Found Tion's Jewellery Shoppe.
  3532 | D:5      | Entered Level 5 of the Dungeon
  3535 | D:5      | Reached skill level 5 in Fighting
  3535 | D:5      | Reached XP level 7. HP: 26/61 MP: 7/7
  3822 | D:5      | Reached skill level 5 in Armour
  4156 | D:5      | Found a runed translucent door.
  4157 | D:5      | Noticed Sigmund
  4159 | D:5      | Noticed harness's ghost (amateur FeWr)
  4170 | D:5      | Killed Sigmund
  4208 | D:5      | Reached skill level 5 in Shields
  4529 | D:5      | Reached XP level 8. HP: 44/69 MP: 8/8
  4569 | D:5      | Killed harness's ghost
  4800 | D:5      | Found a runed translucent door.
  5203 | D:6      | Found a transporter.
  5215 | D:6      | Found a transporter.
  5278 | D:6      | Found a shadowy altar of Dithmenos.
  5363 | D:6      | Noticed Pikel
  5392 | D:6      | Killed Pikel
  5602 | D:6      | Noticed ryuk03's ghost (novice HOFi)
  5636 | D:6      | Reached XP level 9. HP: 78/78 MP: 9/9
  5670 | D:6      | Found a runed translucent door.
  5671 | D:6      | Noticed Crazy Yiuf
  5677 | D:6      | Killed Crazy Yiuf
  5966 | D:7      | Reached skill level 10 in Axes
  5973 | D:7      | Reached * piety under Makhleb
  6013 | D:7      | Found a flagged portal.
  6024 | Bailey   | Entered a bailey
  6566 | Bailey   | Reached ** piety under Makhleb
  6905 | D:7      | Identified the +11 trident of Vutuus {drain, rElec Str+2}
  7312 | D:7      | Found a staircase to the Ecumenical Temple.
  7562 | D:7      | Found a sacrificial altar of Ru.
  7565 | D:7      | Identified a scroll of acquirement
  7638 | D:8      | Reached skill level 1 in Charms
  7808 | D:8      | Reached XP level 10. HP: 72/86 MP: 10/10
  8084 | D:8      | Found an iron altar of Okawaru.
  8192 | D:8      | Reached *** piety under Makhleb
  9132 | D:9      | Reached skill level 5 in Charms
  9584 | D:9      | Reached **** piety under Makhleb
  9588 | D:9      | Noticed a centaur warrior
  9623 | D:9      | Reached XP level 11. HP: 92/95 MP: 11/11
  9676 | D:9      | Killed a centaur warrior
  9731 | D:9      | Found a stormy altar of Qazlal.
 10050 | D:10     | Entered Level 10 of the Dungeon
 10148 | D:10     | Got a warped flail
 10271 | D:10     | Found a large runed translucent door.
 10271 | D:10     | Found a large runed translucent door.
 10557 | D:10     | Noticed a two-headed ogre
 11053 | D:10     | Killed an unseen horror
 11307 | D:10     | Noticed slayr's ghost (novice VSIE)
 11965 | D:11     | Noticed a two-headed ogre
 11977 | D:11     | Killed a two-headed ogre
 12079 | D:11     | Found a staircase to the Lair.
 12104 | D:11     | Noticed a two-headed ogre
 12124 | D:11     | Killed a two-headed ogre
 12379 | D:11     | Noticed a necromancer
 12389 | D:11     | Killed a necromancer
 12389 | D:11     | Reached skill level 1 in Invocations
 12413 | D:11     | Reached ***** piety under Makhleb
 12513 | Lair:1   | Entered Level 1 of the Lair of Beasts
 12513 | Lair:1   | Found a frozen archway.
 12548 | IceCv    | Entered an ice cave
 12573 | IceCv    | Reached XP level 12. HP: 90/106 MP: 13/13
 12645 | IceCv    | Reached skill level 10 in Fighting
 12722 | IceCv    | Reached skill level 15 in Axes
 13632 | IceCv    | Found the +8 orange crystal plate armour {Archmagi, Int+3
                  | Clar}
 13643 | IceCv    | Got a pair of shimmering gloves
 13764 | IceCv    | Identified the +1 pair of gloves of the Forest {rPois
                  | Str+4} (You found it in an ice cave)
 14014 | Lair:1   | Noticed a four-headed hydra
 14021 | Lair:1   | Killed a four-headed hydra
 14196 | Lair:1   | Reached skill level 5 in Invocations
 14395 | Lair:1   | Noticed Getav's ghost (journeyman TrBe)
 14652 | Lair:1   | Found a transporter.
 14654 | Lair:1   | Found a transporter.
 14826 | Lair:1   | Noticed a four-headed hydra
 14833 | Lair:1   | Killed a four-headed hydra
 14833 | Lair:1   | Reached skill level 1 in Polearms
 15056 | Lair:2   | Reached skill level 10 in Armour
 15188 | Lair:2   | Reached skill level 10 in Shields
 15521 | Lair:2   | Reached XP level 13. HP: 97/116 MP: 16/18
 16057 | Lair:3   | Found a staircase to the Snake Pit.
 16148 | Lair:3   | Found a dark tunnel.
 16159 | Volcano  | Entered a volcano
 16422 | Volcano  | Reached skill level 5 in Polearms
 16730 | Lair:3   | You fall through a shaft for 3 floors!
 16730 | Lair:6   | Entered Level 6 of the Lair of Beasts
 16731 | Lair:6   | Noticed Josephine
 16747 | Lair:6   | Killed Josephine
 16756 | Lair:6   | Reached ****** piety under Makhleb
 17036 | Lair:6   | Found a runed translucent door.
 17038 | Lair:6   | Identified the +8 trident of Giasm {drain, *Noise rN+++
                  | MR+++ Str-3}
 17042 | Lair:6   | Noticed Oxiex's ghost (journeyman TrMo)
 17725 | Lair:6   | Noticed a dire elephant
 17757 | Lair:6   | Killed a dire elephant
 17850 | Lair:6   | Reached XP level 14. HP: 126/126 MP: 20/20
 18872 | Lair:6   | HP: 1/126 [catoblepas[a boggart] (8)]
 19595 | Lair:5   | Found a staircase to the Slime Pits.
 19782 | Lair:5   | Noticed an entropy weaver
 19868 | Lair:6   | Reached skill level 10 in Invocations
 20102 | Lair:5   | HP: 6/126 [Oxiex's ghost (17)]
 20107 | Lair:5   | Killed Oxiex's ghost
 20133 | Lair:5   | Killed an entropy weaver
 20793 | Lair:5   | Noticed an entropy weaver
 20805 | Lair:5   | Killed an entropy weaver
 21369 | Lair:4   | Identified the +11 flail of Disharmony {freeze, rPois MR-
                  | SInv} (You found it on level 10 of the Dungeon)
 22088 | Lair:3   | Found a staircase to the Shoals.
 22679 | Lair:1   | Killed Getav's ghost
 23037 | D:12     | Reached skill level 10 in Polearms
 23201 | D:12     | Got a brightly glowing jade ring
 23212 | D:12     | Identified the ring of Bovi {rC+ rN+ Str+3} (You found it
                  | on level 12 of the Dungeon)
 23329 | D:12     | Found a blossoming altar of Fedhas.
 24118 | D:12     | Found a staircase to the Orcish Mines.
 24432 | D:12     | Noticed Azrael
 24455 | D:12     | Killed Azrael
 24455 | D:12     | Reached XP level 15. HP: 112/134 MP: 23/23
 24642 | D:12     | Noticed Jorgrun
 24661 | D:12     | Killed Jorgrun
 25045 | Orc:1    | Entered Level 1 of the Orcish Mines
 25254 | Orc:2    | Entered Level 2 of the Orcish Mines
 25513 | Orc:2    | Found Reghercha's Antique Armour Shop.
 26139 | Orc:2    | Found a staircase to the Elven Halls.
 26201 | Orc:2    | Noticed an orc warlord
 26219 | Orc:2    | Killed an orc warlord
 26236 | Orc:2    | Found Irykias's General Store.
 26340 | Orc:2    | Found Gojuitor's Book Shoppe.
 26428 | Orc:2    | Bought a book of Battle for 440 gold pieces
 26431 | Orc:2    | Learned a level 2 spell: Song of Slaying
 26468 | Orc:2    | Found Ceniegyt's Antique Weapon Boutique.
 28592 | D:14     | Reached XP level 16. HP: 132/146 MP: 25/25
 28928 | D:14     | Found a gate to the Vaults.
 29520 | D:15     | Entered Level 15 of the Dungeon
 30001 | D:15     | Reached skill level 15 in Fighting
 30032 | D:15     | Found a staircase to the Depths.
 30541 | D:15     | Found a runed translucent gate.
 30541 | D:15     | Found a runed translucent gate.
 30556 | D:15     | Found a runed translucent gate.
 30811 | D:15     | Found a runed translucent gate.
 30811 | D:15     | Found a runed translucent gate.
 30815 | D:15     | Found a runed translucent gate.
 30816 | D:15     | Noticed NeAGen181's ghost (journeyman HOFi)
 30826 | D:15     | Gained mutation: You are occasionally teleported next to
                  | monsters. [a neqoxec]
 30844 | D:15     | Lost intelligence.
 30859 | D:15     | Gained mutation: You are clumsy. (Dex -2) [a cacodemon]
 30881 | D:15     | Gained mutation: Your spells are a little easier to cast,
                  | but a little less powerful. [a cacodemon]
 30888 | D:15     | HP: 5/149 [mana viper (shapeshifter) (16)]
 30890 | D:15     | HP: 1/149 [NeAGen181's ghost (23)]
 30907 | D:15     | Killed NeAGen181's ghost
 30909 | D:15     | Slain by a black mamba (shapeshifter)

Skill      XL: |  1  2  3  4  5  6  7  8  9 10 11 12 13 14 15 16 |
---------------+-------------------------------------------------+-----
Axes           | 3 4 6 8 9 11 13 14 15 | 15.9
Shields        | 4 5 7 8 9 10 11 12 13 14 | 14.5
Fighting       | 4 5 6 7 8 9 11 12 14 15 | 15.3
Armour         | 4 5 6 7 8 9 10 11 12 | 12.8
Charms         | 2 5 7 |  7.5
Invocations    | 2 6 9 11 12 13 | 13.6
Polearms       | 3 7 10 11 | 11.3
Maces & Flails | |  0.1

Action                   |  1- 3 |  4- 6 |  7- 9 | 10-12 | 13-15 | 16-18 || total
-------------------------+-------+-------+-------+-------+-------+-------++-------
Melee: War axe           |   137 |    99 |   409 |   871 |    28 |       ||  1544
       Trident           |       |       |       |    75 |  1664 |   411 ||  2150
       Flail             |       |       |       |       |    19 |     3 ||    22
Invok: Lesser Servant of |       |       |       |       |     8 |     1 ||     9
       Greater Servant o |       |       |       |       |       |     1 ||     1
  Use: Scroll            |       |     8 |     8 |    11 |     9 |     1 ||    37
       Potion            |       |       |     2 |     1 |     7 |     4 ||    14
 Stab: Distracted        |       |       |       |       |     4 |       ||     4
       Petrified         |       |       |       |       |     1 |       ||     1
  Eat: Chunk             |    15 |     9 |    14 |    33 |    43 |     6 ||   120
Armor: Scale mail        |    82 |    50 |    66 |       |       |       ||   198
       Chain mail        |       |       |   107 |   412 |   577 |   122 ||  1218
Dodge: Dodged            |    56 |    33 |   129 |   321 |   520 |    98 ||  1157
Block: Shield            |    86 |    51 |   213 |   481 |   837 |   200 ||  1868
